 Dungeon Crawl Stone Soup version 0.26.0-15-gc6cd9f700b (webtiles) character file.

Game seed: 2549436201304700536

21 jackrogers the Slasher (level 2, -4/19 HPs)
             Began as a Gargoyle Berserker on Jan 17, 2021.
             Was a Follower of Trog.
             Slain by a gnoll
             ... wielding a +0 spear
              (6 damage)
             ... on level 2 of the Dungeon.
             The game lasted 00:00:58 (1115 turns).

jackrogers the Slasher (Gargoyle Berserker)         Turns: 1115, Time: 00:00:58

Health: -4/19      AC:  8    Str: 20    XL:     2   Next: 87%
Magic:  2/2        EV: 11    Int:  7    God:    Trog [*.....]
Gold:   17         SH:  0    Dex:  9    Spells: 1/1 levels left

rFire    . . .     SeeInvis .   a - +0 falchion
rCold    . . .     Faith    .   (no shield)
rNeg     + . .     Spirit   .   g - +0 ring mail
rPois    ∞         Reflect  .   (no helmet)
rElec    +         Harm     .   (no cloak)
rCorr    .         Rampage  .   (no gloves)
Will     .....                  (no boots)
Stlth    ..........             (no amulet)
HPRegen  0.06/turn              (no ring)
MPRegen  0.08/turn              (no ring)

@: no status effects
A: negative energy resistance 1, electricity resistance, unbreathing,
petrification resistance, miasma immunity, AC +2
a: Renounce Religion, Berserk


You were on level 2 of the Dungeon.
You worshipped Trog.
Trog was aware of your devotion.
You visited 1 branch of the dungeon, and saw 2 of its levels.

You collected 17 gold pieces.

Inventory:

Hand Weapons
 a - a +0 falchion (weapon)
Missiles
 i - 8 javelins (quivered)
Armour
 b - a +0 animal skin
 g - a +0 ring mail (worn)
   (You found it on level 1 of the Dungeon)
Jewellery
 h - an uncursed ring of see invisible {unknown}
   (You found it on level 1 of the Dungeon)
Scrolls
 c - a scroll of enchant weapon {unknown}
 d - a scroll of random uselessness {unknown}
Potions
 e - a potion of mutation {unknown}
 f - a potion of attraction {unknown}


   Skills:
 - Level 3.2 Fighting
 + Level 3.6 Long Blades
 - Level 2.1 Armour
 - Level 1.5 Dodging


You had one spell level left.
You didn't know any spells.
Your spell library was empty.

Dungeon Overview and Level Annotations

Branches:
Dungeon (2/15)

Altars:


Innate Abilities, Weirdness & Mutations

You are resistant to torment.
Your stone body is resilient. (AC +2)
You are immune to poison.
You resist negative energy. (rN+)
You are resistant to electric shocks. (rElec)
You can survive without breathing.
You are immune to petrification.
You are immune to miasma.


Message History

No target in view!
A rat comes into view.
A rat is nearby!
A rat is nearby!
A rat is nearby!
The rat barely misses you.
You closely miss the rat. The rat bites you but does no damage.
You hit the rat.
You kill the rat!
Trog accepts your kill.
No target in view!
No target in view!
A rat comes into view.
A rat is nearby!
A rat is nearby!
The rat bites you but does no damage.
You barely miss the rat. The rat bites you but does no damage.
You closely miss the rat. The rat barely misses you.
You hit the rat but do no damage. The rat barely misses you.
You closely miss the rat. The rat bites you. The rat misses you.
You hit the rat but do no damage. The rat bites you.
You hit the rat.
You kill the rat!
Trog accepts your kill.
No target in view!
No target in view!
You now have 11 gold pieces.
A frilled lizard comes into view.
The frilled lizard hisses angrily.
A frilled lizard is nearby!
A frilled lizard is nearby!
A frilled lizard is nearby!
No target in view!
No target in view!
The frilled lizard closely misses you.
A frilled lizard is nearby!
You barely miss the frilled lizard. The frilled lizard bites you.
You hit the frilled lizard.
You kill the frilled lizard!
Trog accepts your kill.
No target in view!
No target in view!
Done exploring.
Done exploring.
Done exploring.
No target in view!
No target in view!
(D) Dungeon
Where to? (Enter - D:1 @ (x,y), ? - help)
There is a stone staircase leading down here.
You climb downwards.
A rat comes into view.
There is a stone staircase leading up here.
The rat closely misses you.
You riposte.
You slash the rat!
You kill the rat!
Trog accepts your kill.
No target in view!
No target in view!
No target in view!
Found a stone staircase leading down.
A goblin comes into view.
The goblin shouts!
A goblin is nearby!
There is a stone staircase leading down here.
The goblin closely misses you.
You riposte.
You hit the goblin.
You kill the goblin!
Trog accepts your kill.
No target in view!
No target in view!
No target in view!
No target in view!
You now have 17 gold pieces (gained 6).
A gnoll comes into view. It is wielding a +0 spear.
Spoiler Alert: The gnoll can hit for moderate damage in melee, and throws nets!
A gnoll is nearby!
No target in view!
No target in view!
You see here 8 javelins.
i - 8 javelins The gnoll hits you with a +0 spear.
Spoiler Alert: The gnoll can hit for moderate damage in melee, and throws nets!
You hit the gnoll but do no damage. The gnoll hits you with a +0 spear.
You hit the gnoll. The gnoll closely misses you.
You riposte.
You hit the gnoll but do no damage. You closely miss the gnoll.
The gnoll closely misses you.
You slash the gnoll! The gnoll barely misses you.
You riposte.
You completely miss the gnoll.
Spoiler Alert: The gnoll can hit for moderate damage in melee, and throws nets!
You barely miss the gnoll. The gnoll closely misses you.
You hit the gnoll but do no damage. The gnoll barely misses you.
You hit the gnoll. The gnoll hits you but does no damage.
The gnoll hits you with a +0 spear.
You hit the gnoll but do no damage. The gnoll barely misses you.
You closely miss the gnoll. The gnoll hits you with a +0 spear.
Spoiler Alert: The gnoll can hit for moderate damage in melee, and throws nets!
You hit the gnoll. The gnoll hits you but does no damage.
You completely miss the gnoll. The gnoll hits you with a +0 spear!
* * * LOW HITPOINT WARNING * * *
You hit the gnoll. The gnoll hits you with a +0 spear.
You die...

#.......#.#.......#
#........##...##
######...##..##
####.†..>.##
#...#..####
###...#..###
#..........#####
#!####....(...........
#........@g...#.#.....
#.............#.# ....
...♣♣♣♣♣♣..##.#.. ..#
♣♣.##.#.#. ..
♣.....###. . ..##.##
.##### ?. ..


You could see a gnoll.

Vanquished Creatures
  4 bats (D:1)
  3 goblins
  3 hobgoblins (D:1)
  A ball python (D:1)
  3 frilled lizards (D:1)
  3 kobolds (D:1)
  5 rats
22 creatures vanquished.

Notes
Turn   | Place    | Note
-------+----------+-------------------------------------------
     0 | D:1      | jackrogers the Gargoyle Berserker began the quest for the
                  | Orb.
     0 | D:1      | Reached XP level 1. HP: 14/14 MP: 1/1
   183 | D:1      | Reached skill level 3 in Long Blades
   532 | D:1      | Reached XP level 2. HP: 18/19 MP: 2/2
  1114 | D:2      | HP: 2/19 [gnoll/+0 spear (7)]
  1115 | D:2      | Slain by a gnoll

Illustrated notes

Levels and vault maps discovered:
D:1:      roderic_dead_forest, layout_loops_corners
D:2:      minmay_inner_zag, layout_loops_cross, nrook_campfire,
          lemuel_old_faithful

Skill      XL: |  1 |
---------------+----+-----
Long Blades    | 3 |  3.6
Fighting       | |  3.2
Armour         | |  2.1
Dodging        | |  1.5

Action                   || total
-------------------------++-------
Melee: Falchion          ||    60
Armor: Animal skin       ||    11
       Ring mail         ||    17
Dodge: Dodged            ||    36
       Rpst.: Falchion   ||     9

Table legend: (Time is in decaauts)
 A = Elapsed time spent in this place.
 B = Non-inter-level travel time spent in this place.
 C = Inter-level travel time spent in this place.
 D = Time resting spent in this place.
 E = Time spent auto-exploring this place.
 F = Levels seen in this place.
 G = Mean time per level.
                   A        B        C        D        E       F      G
               +--------+--------+--------+--------+--------+-----+--------+
         Total |   1122 |   1087 |     35 |    165 |    759 |   2 |  561.0 |
       Dungeon |   1122 |   1087 |     35 |    165 |    759 |   2 |  561.0 |
               +--------+--------+--------+--------+--------+-----+--------+

Top non-repeatable levels by time:
     D:1: 1045 daAuts
     D:2: 77 daAuts

Table legend:
 A = Kills in this place as a percentage of kills in entire the game.
 B = Kills by you in this place as a percentage of kills by you in the entire game.
 C = Kills by friends in this place as a percentage of kills by friends in the entire game.
 D = Other kills in this place as a percentage of other kills in the entire game.
 E = Experience gained in this place as a percentage of experience gained in the entire game.
 F = Experience gained in this place divided by the number of levels of this place that you have seen.
                   A       B       C       D       E      F
               +-------+-------+-------+-------+-------+----------------------
         Total | 100.0 | 100.0 |   N/A |   N/A | 100.0 |  15.5
       Dungeon | 100.0 | 100.0 |   N/A |   N/A | 100.0 |  15.5
               +-------+-------+-------+-------+-------+----------------------
